 Dungeon Crawl Stone Soup version bcrawl-1.21.2-28-g2cb1824106 (webtiles) character file.

Game seed: 10705443080734652329

517 IcyTea the Tainter (level 7, -3/50 HPs)
             Began as a Purple Draconian Venom Mage on Mar 17, 2020.
             Killed by nerve-wracking pain
             ... invoked by a shadow imp
              (6 damage)
             ... on level 4 of the Dungeon.
             The game lasted 00:16:21 (5080 turns).

IcyTea the Tainter (Purple Draconian Venom Mage)    Turns: 5080, Time: 00:16:21

Health: -3/50      AC:  2    Str: 11    XL:     7   Next: 0%
Magic:  10/10      EV: 12    Int: 24    God:
Gold:   273        SH:  0    Dex: 11    Spells: 4/11 levels left

rFire    . . .     SeeInvis .   q - +0 rapier
rCold    . . .     Gourm    +   (no shield)
rNeg     . . .     Faith    .   (armour unavailable)
rPois    .         Spirit   .   (helmet restricted)
rElec    +         Reflect  .   (no cloak)
rCorr    .         Harm     .   u - -5 pair of gloves of Jenoeras {rElec Int+7}
MR       +....                  (no boots)
Stlth    ++........             d - amulet of the gourmand
HPRegen  0.16/turn              (no ring)
MPRegen  0.12/turn              (no ring)

@: hasted, very quick
A: breathe power, unfitting armour, cold-blooded, AC +6
a: Breathe Dispelling Energy


You were on level 4 of the Dungeon.
You were very full.

You visited 1 branch of the dungeon, and saw 4 of its levels.

You collected 273 gold pieces.

Inventory:

Hand Weapons
 q - a +0 rapier (weapon)
 v - a +0 falchion
Missiles
 f - 584 sling bullets
Armour
 i - a +0 buckler
 u - the -5 pair of gloves of Jenoeras (worn) {rElec Int+7}
   (You found it on level 4 of the Dungeon)

   It affects your intelligence (+7).
   It insulates you from electricity.
Jewellery
 d - an amulet of the gourmand (around neck)
 l - an uncursed ring of ice {unknown}
Scrolls
 a - a scroll of fog
 c - 2 scrolls of blinking
 g - a scroll of fear
 k - 2 scrolls of identify
 m - 2 scrolls of teleportation
Potions
 b - a potion of berserk rage
 h - a potion of lignification
 j - a potion of flight {unknown}
 n - 2 potions of curing
 r - a potion of agility
 s - a potion of magic {unknown}
 t - 2 potions of might {unknown}
Comestibles
 e - 8 rations {!d}


   Skills:
 - Level 1.7 Dodging
 - Level 2.0 Stealth
 + Level 2.5 Spellcasting
 - Level 1.0 Conjurations
 - Level 8.0 Poison Magic


You had 4 spell levels left.
You knew the following spells:

 Your Spells              Type           Power        Failure   Level  Hunger
a - Sting                 Conj/Pois      ###.         1%          1    None
b - Poisonous Vapours     Pois/Air       ###...       3%          2    ##.....
c - Olgreb's Toxic Radia  Pois           #####...     4%          4    ####...

Your spell library contained the following spells:

 Spells                   Type           Power        Failure   Level  Hunger
 Ignite Poison            Fire/Tmut/Pois ###.....     12%         3    ###....
 Summon Scorpions         Summ/Pois      ###.....     22%         4    ####...
 Venom Bolt               Conj/Pois      ###.......   45%         5    ######.


Dungeon Overview and Level Annotations

Branches:
Dungeon (4/12)
 Temple: D:4-7

Altars:
Hepliaklqana
Makhleb
Nemelex Xobeh
Okawaru

Annotations:
D:3 Grinder


Innate Abilities, Weirdness & Mutations

You can breathe bolts of dispelling energy.
Your rich purple scales are hard. (AC +6)
You cannot fit into any form of body armour.
You are cold-blooded and may be slowed by cold attacks.


Message History

You hit the shadow imp.
The shadow imp is heavily wounded.
The shadow imp hits you.
* * * LOW HITPOINT WARNING * * *
You barely miss the shadow imp.
The shadow imp is heavily wounded.
You hit the shadow imp.
The shadow imp is almost dead.
The shadow imp hits you.
* * * LOW HITPOINT WARNING * * *
You hit the shadow imp but do no damage.
You tail-slap the shadow imp, but do no damage.
The shadow imp is almost dead.
The shadow imp closely misses you.
You closely miss the shadow imp.
You tail-slap the shadow imp, but do no damage.
The shadow imp is almost dead.
The shadow imp gestures at you. Pain shoots through your body!
You die...

#
#......####..##
..
#......#####..#
....
..#...#.#..##
...#
#.........# ...
...##.....# .
#....5...##
.....#..##
....##.####
.#......#@##
##.###.#5.##
.....#.....#
#...........#
#....#....###
... #....# .
#..... #####.#
.#


You could see a shadow imp.

Vanquished Creatures
  Eustachio (D:4)
  A sky beast (D:3)
  A crimson imp (D:4)
  A hound (D:3)
  Jessica (D:2)
  A worker ant (D:4)
  Robin (D:4)
  7 adders
  A shadow imp (D:4)
  An adder zombie (D:4)
  2 worms (D:2)
  3 dart slugs
  4 leopard geckos
  2 orcs
  6 ball pythons (D:3)
  4 bats
  7 giant cockroaches
  10 goblins
  9 hobgoblins
  8 kobolds
  A quokka (D:2)
  3 frilled lizards
  6 rats
81 creatures vanquished.

Notes
Turn   | Place    | Note
-------+----------+-------------------------------------------
     0 | D:1      | IcyTea the Draconian Venom Mage began the quest for the
                  | Orb.
     0 | D:1      | Reached XP level 1. HP: 14/14 MP: 3/3
   505 | D:1      | Reached XP level 2. HP: 20/20 MP: 3/5
   894 | D:1      | Reached skill level 4 in Poison Magic
  1288 | D:2      | Learned a level 2 spell: Poisonous Vapours
  1513 | D:2      | Reached XP level 3. HP: 26/26 MP: 6/6
  2808 | D:2      | Noticed Jessica
  2813 | D:2      | Killed Jessica
  2813 | D:2      | Reached XP level 4. HP: 32/33 MP: 4/7
  2819 | D:2      | Learned a level 4 spell: Olgreb's Toxic Radiance
  2915 | D:2      | Reached skill level 5 in Poison Magic
  3138 | D:2      | Found an iron altar of Okawaru.
  3139 | D:2      | Found a hazy altar of Hepliaklqana.
  3139 | D:2      | Found a burning altar of Makhleb.
  3830 | D:3      | Reached XP level 5. HP: 31/38 MP: 3/8
  3961 | D:3      | Found a sparkling altar of Nemelex Xobeh.
  3985 | D:3      | Noticed a sky beast
  3996 | D:3      | Killed a sky beast
  3996 | D:3      | Reached skill level 6 in Poison Magic
  4276 | D:3      | Reached XP level 6. HP: 45/45 MP: 6/9
  4284 | D:3      | Noticed Grinder
  4290 | D:3      | Paralysed by Grinder for 4 turns
  4509 | D:4      | Got a pair of scorched gloves
  4510 | D:4      | Identified the -5 pair of gloves of Jenoeras {rElec Int+7}
                  | (You found it on level 4 of the Dungeon)
  4587 | D:4      | Noticed Eustachio
  4620 | D:4      | Killed Eustachio
  4620 | D:4      | Reached skill level 7 in Poison Magic
  4912 | D:4      | Noticed Robin
  4921 | D:4      | Killed Robin
  4921 | D:4      | Reached skill level 8 in Poison Magic
  5043 | D:4      | Your scales start taking on a rich purple colour.
  5043 | D:4      | Reached XP level 7. HP: 15/50 MP: 6/10
  5071 | D:4      | HP: 2/50 [shadow imp (4)]
  5078 | D:4      | HP: 2/50 [shadow imp (1)]
  5080 | D:4      | Killed from afar by a shadow imp

Skill      XL: |  1  2  3  4  5  6 |
---------------+-------------------+-----
Poison Magic   | 4 5 6 8 |  8.0
Dodging        | |  1.7
Stealth        | |  2.0
Spellcasting   | |  2.5
Conjurations   | |  1.0

Action                   |  1- 3 |  4- 6 |  7- 9 || total
-------------------------+-------+-------+-------++-------
Melee: Unarmed           |    16 |       |       ||    16
       Spear             |    72 |       |       ||    72
       Tailslap          |    23 |     7 |     3 ||    33
       Mace              |   216 |    12 |       ||   228
       Rapier            |       |   105 |     9 ||   114
       Falchion          |       |     5 |       ||     5
 Cast: Sting             |    13 |     1 |       ||    14
       Poisonous Vapours |     1 |    13 |       ||    14
       Olgreb's Toxic Ra |       |     6 |       ||     6
  Use: Scroll            |     3 |     7 |       ||    10
       Potion            |       |     1 |     3 ||     4
 Stab: Sleeping          |     2 |    13 |       ||    15
  Eat: Chunk             |    10 |    16 |       ||    26
Armor: Skin              |   109 |    38 |       ||   147
Dodge: Dodged            |   173 |    86 |     5 ||   264
